 Dungeon Crawl Stone Soup version 0.21-a0-286-g6fcecc0 (webtiles) character file.

39183 aurelian the Severer (level 13, -9/116 HPs)
             Began as a Minotaur Abyssal Knight on Sept 27, 2017.
             Was a High Priest of Lugonu.
             Mangled by a tentacled starspawn (11 damage)
             ... summoned by Lugonu's corruption
             ... on level 1 of the Orcish Mines.
             The game lasted 00:42:43 (23187 turns).

aurelian the Severer (Minotaur Abyssal Knight)     Turns: 23187, Time: 00:42:44

Health: -9/116     AC: 18    Str: 22      XL:     13   Next: 67%
Magic:  0/20       EV: 16    Int:  9      God:    Lugonu [*****.]
Gold:   1046       SH:  0    Dex:  9 (10) Spells: 12/12 levels left

rFire    . . .     SeeInvis .   J - +2 battleaxe (chop)
rCold    . . .     Gourm    .   (shield currently unavailable)
rNeg     . . .     Faith    .   y - +0 plate armour
rPois    .         Spirit   +   N - +2 hat
rElec    .         Reflect  .   A - +0 cloak
rCorr    .         Harm     .   (no gloves)
MR       +....                  (no boots)
Stlth    ..........             s - amulet of guardian spirit
HPRegen  0.29/turn              F - +6 ring of evasion
MPRegen  0.17/turn              i - ring of protection from magic

@: flying
A: retaliatory headbutt, horns 2
a: Depart the Abyss, Bend Space, Banish, Corrupt, Enter the Abyss, Renounce
Religion


You were on level 1 of the Orcish Mines.
You worshipped Lugonu.
Lugonu was extremely pleased with you.
You were not hungry.

You visited 3 branches of the dungeon, and saw 18 of its levels.
You visited the Abyss 1 time.

You collected 1046 gold pieces.

Inventory:

Hand Weapons
 a - a +1 hand axe
 p - a +2 flail of holy wrath
 C - a +0 war axe
 J - a +2 battleaxe of chopping (weapon)
 P - a +2 battleaxe
Missiles
 u - 6 throwing nets (quivered)
Armour
 l - a +0 buckler
 y - a +0 plate armour (worn)
 A - a +0 cloak (worn)
 N - a +2 hat (worn)
Jewellery
 i - a ring of protection from magic (right hand)
 r - a +3 ring of evasion
 s - an amulet of guardian spirit (around neck)
 w - an uncursed ring of flight
 F - a +6 ring of evasion (left hand)
Wands
 d - a wand of acid (0/15)
 n - a wand of flame (42/48)
 t - a wand of random effects (15/48)
 B - a wand of digging (11/24)
 D - a wand of paralysis (5/24)
 E - a wand of digging (7/24)
 H - a wand of acid (3/15)
Scrolls
 g - 6 scrolls of teleportation
 o - 4 scrolls of fog
 z - a scroll of recharging
 Q - a scroll of amnesia
Potions
 e - a potion of ambrosia
 h - 4 potions of mutation
 j - 3 potions of brilliance
 m - a potion of lignification {unknown}
 q - a potion of flight
 v - a potion of haste
 x - 2 potions of curing
 M - a potion of invisibility {unknown}
 O - a potion of magic {unknown}
Books
 b - a book of Debilitation

   Spells                             Type                      Level
   a - Corona                         Hexes                        1
   b - Slow                           Hexes                        2
   c - Inner Flame                    Hexes/Fire                   3
   d - Portal Projectile              Hexes/Translocation          3
   e - Cause Fear                     Hexes                        4
   f - Leda's Liquefaction            Hexes/Earth                  4
 f - a book of Cantrips

   Spells                             Type                      Level
   a - Confusing Touch                Hexes                        1
   b - Animate Skeleton               Necromancy                   1
   c - Summon Small Mammal            Summoning                    1
   d - Apportation                    Translocation                1
 G - a book of Changes

   Spells                             Type                      Level
   a - Beastly Appendage              Transmutation                1
   b - Sticks to Snakes               Transmutation                2
   c - Spider Form                    Transmutation/Poison         3
   d - Ice Form                       Ice/Transmutation            4
   e - Blade Hands                    Transmutation                5
 I - a book of Conjurations

   Spells                             Type                      Level
   a - Magic Dart                     Conjuration                  1
   b - Searing Ray                    Conjuration                  2
   c - Dazzling Spray                 Conjuration/Hexes            3
   d - Fulminant Prism                Conjuration/Hexes            4
   e - Force Lance                    Conjuration/Translocation    4
   f - Iskenderun's Mystic Blast      Conjuration                  4
Comestibles
 c - 16 bread rations
 k - 9 meat rations


   Skills:
 + Level 11.5 Fighting
 + Level 16.7 Axes
 - Level 10.0 Armour
 + Level 9.1 Dodging
 - Level 4.1 Shields
 - Level 11.3 Invocations


You had 12 spell levels left.
You didn't know any spells.

Dungeon Overview and Level Annotations

Branches:
Dungeon (12/15)            Temple (0/1) D:5            Lair (5/6) D:9
 Shoals (0/4) Lair:2        Snake (0/4) Lair:2          Orc (1/2) D:11
  Slime: Lair:5-6

Altars:
Ashenzari
Cheibriados
Fedhas
Makhleb
Qazlal
Ru
Zin
The Shining One

Shops:
D:6 %

Annotations:
D:3 Edmund
Lair:2 exclusion: ice statue
Lair:5 Rupert
Orc:1 corrupted


Innate Abilities, Weirdness & Mutations

You reflexively headbutt those who attack you in melee.
You have a pair of horns on your head.


Message History

The tentacled starspawn bites you.
* * * LOW HITPOINT WARNING * * *
The tentacled starspawn engulfs you but does no damage.
Unknown command.
The tentacled starspawn refuses to make way for you. (Use ctrl+direction to attack.)
The tentacled starspawn refuses to make way for you. (Use ctrl+direction to attack.)
The tentacled starspawn bites you!!
* * * LOW HITPOINT WARNING * * *
The tentacled starspawn engulfs you.
* * * LOW HITPOINT WARNING * * *
Unknown command.
You feel very buoyant.
You fly up into the air.
The tentacled starspawn bites you but does no damage.
The tentacled starspawn engulfs you.
* * * LOW HITPOINT WARNING * * *
You feel better. The tentacled starspawn bites you!
* * * LOW HITPOINT WARNING * * *
The tentacled starspawn engulfs you!
You die...

.#.L.)xG3X)..)#.#
.§X.#h..R5#.G..#
..§o#.#.)X..)..##
..#xXh<>3X....#.##
xhX.##1#.X..#.##.#
.)..3...X##.###.##
..............L##
###.....#..#..#X##
##..###...###@#
#### ##.## ### ###


You could see a neutral tentacled starspawn (wandering) and a neutral revenant
(wandering).

Vanquished Creatures
  Frances (D:12)
  Nessos (Lair:4)
  2 hydras (Lair:3)
  2 two-headed ogres
  A death knight (D:12)
  Nergalle (D:12)
  The ghost of RedSky the Skirmisher, a novice DsGl (D:6)
  A manticore (D:12)
  2 cyclopes
  4 black mambas
  5 elephants
  A gargoyle (D:12)
  4 spiny frogs
  5 rime drakes
  4 komodo dragons
  A freezing wraith (Lair:2)
  A queen bee (Lair:2)
  3 polar bears
  A troll (D:10)
  19 blink frogs
  8 hippogriffs
  A slime creature (D:12)
  A shadow (D:10)
  A spriggan (D:7)
  A wraith (D:11)
  3 wyverns
  26 yaks
  2 basilisks (Lair:2)
  Grum (D:9)
  Menkaure (D:4)
  3 nagas (Lair:2)
  6 water moccasins
  6 porcupines
  Duvessa (D:7)
  5 black bears
  6 orc warriors
  6 sky beasts
  An eye of draining (D:10)
  3 phantoms
  9 ice beasts
  31 wolves
  9 ogres
  7 centaurs
  10 crocodiles
  5 bullfrogs
  Dowan (D:7)
  A wyvern skeleton (D:10)
  3 scorpions
  25 killer bees (Lair:2)
  A howler monkey (D:6)
  10 wights
  8 crimson imps
  8 hounds
  3 jellies
  3 bullfrog skeletons
  8 orc priests
  7 orc wizards
  8 worker ants
  3 iguanas
  2 killer bee zombies
  2 hound skeletons
  12 gnolls
  7 adders
  A howler monkey skeleton (D:6)
  A river rat (Lair:2)
  4 shadow imps
  3 white imps (Lair:2)
  An adder skeleton (D:7)
  2 worms
  2 dart slugs
  4 leopard geckos
  67 orcs
  A ball python (D:1)
  3 giant cockroaches (D:3)
  3 goblins
  5 hobgoblins
  15 jackals
  3 kobolds
  3 quokkas
  8 bats
  7 frilled lizards
  A leopard gecko skeleton (D:5)
  4 rats
  2 fungi
465 creatures vanquished.

Vanquished Creatures (others)
  An orc knight (Orc:1)
  A troll (Orc:1)
  A yak (D:9)
  A warg (Orc:1)
  3 orc warriors (Orc:1)
  An orc priest (Orc:1)
  4 orc wizards (Orc:1)
  8 orcs (Orc:1)
  A bush (D:9)
  5 fungi (D:9)
  6 plants (D:9)
  10 starspawn tentacles (Orc:1)
42 creatures vanquished.

Grand Total: 507 creatures vanquished

Notes
Turn   | Place    | Note
-------+----------+-------------------------------------------
     0 | Abyss:1  | aurelian the Minotaur Abyssal Knight began the quest for the Orb.
     0 | Abyss:1  | Reached XP level 1. HP: 19/19 MP: 1/1
    41 | Abyss:1  | Noticed a chaos spawn
    48 | D:1      | Escaped the Abyss
   392 | D:1      | Reached skill level 3 in Axes
   549 | D:1      | Reached XP level 2. HP: 26/26 MP: 2/2
   564 | D:1      | Reached * piety under Lugonu
  1419 | D:2      | Noticed a crimson imp
  1447 | D:2      | Reached XP level 3. HP: 30/31 MP: 3/3
  1452 | D:2      | Reached skill level 4 in Axes
  1495 | D:2      | Found a blossoming altar of Fedhas.
  1618 | D:2      | Reached XP level 4. HP: 39/39 MP: 5/5
  2111 | D:3      | Found a shattered altar of Ashenzari.
  2255 | D:3      | Reached ** piety under Lugonu
  2469 | D:3      | Found a burning altar of Makhleb.
  2469 | D:3      | Noticed a cacodemon
  2472 | D:3      | Noticed a smoke demon
  2472 | D:3      | Noticed a smoke demon
  2650 | D:4      | Reached skill level 1 in Shields
  2905 | D:4      | Noticed Menkaure
  3014 | D:4      | Killed Menkaure
  3014 | D:4      | Reached skill level 5 in Axes
  3014 | D:4      | Reached XP level 5. HP: 45/45 MP: 6/6
  3079 | D:4      | Noticed Edmund
  3223 | D:4      | Reached XP level 6. HP: 35/51 MP: 5/7
  3574 | D:4      | Found a burning altar of Makhleb.
  3680 | D:4      | Reached skill level 6 in Axes
  3710 | D:4      | Reached XP level 7. HP: 57/57 MP: 9/9
  3752 | D:4      | Found a sacrificial altar of Ru.
  4039 | D:4      | Found a stormy altar of Qazlal.
  4097 | D:5      | Entered Level 5 of the Dungeon
  4330 | D:5      | Reached skill level 7 in Axes
  4542 | D:5      | Reached skill level 5 in Invocations
  4684 | D:5      | Found a staircase to the Ecumenical Temple.
  4708 | D:5      | Reached XP level 8. HP: 56/64 MP: 7/10
  5197 | D:5      | Reached skill level 8 in Axes
  5201 | D:5      | Reached *** piety under Lugonu
  5301 | D:6      | Reached skill level 5 in Armour
  5346 | D:6      | Reached skill level 9 in Axes
  5607 | D:6      | Found Vyufruwn's Food Shoppe.
  5647 | D:6      | Noticed RedSky's ghost (novice DsGl)
  5970 | D:6      | Killed RedSky's ghost
  5970 | D:6      | Reached skill level 10 in Axes
  5970 | D:6      | Reached XP level 9. HP: 32/70 MP: 7/12
  6606 | D:6      | Found a snail-covered altar of Cheibriados.
  7056 | D:7      | Noticed Duvessa
  7063 | D:7      | Noticed Dowan
  7064 | D:7      | Killed Duvessa
  7076 | D:7      | Killed Dowan
  7163 | D:7      | Reached skill level 11 in Axes
  7265 | D:7      | Reached **** piety under Lugonu
  8195 | D:8      | Paralysed by an orc for 6 turns
  8808 | D:8      | Noticed a two-headed ogre
  8815 | D:8      | Killed a two-headed ogre
  8815 | D:8      | Reached skill level 12 in Axes
  8815 | D:8      | Reached XP level 10. HP: 41/77 MP: 8/14
  9030 | D:8      | Found a glowing silver altar of Zin.
 10112 | D:9      | Reached skill level 13 in Axes
 10113 | D:9      | Noticed Grum
 10121 | D:9      | Reached skill level 5 in Fighting
 10265 | D:9      | Killed Grum
 10738 | D:9      | Found a staircase to the Lair.
 10887 | D:9      | Found a glowing golden altar of the Shining One.
 11057 | D:10     | Entered Level 10 of the Dungeon
 11196 | D:9      | You fall through a shaft!
 11445 | D:10     | Reached XP level 11. HP: 89/89 MP: 16/16
 11487 | D:10     | Noticed a two-headed ogre
 11504 | D:10     | Killed a two-headed ogre
 12302 | D:11     | Noticed a two-headed ogre
 12513 | Lair:1   | Entered Level 1 of the Lair of Beasts
 12526 | D:9      | Reached skill level 14 in Axes
 12995 | Lair:1   | Reached skill level 10 in Armour
 14655 | Lair:2   | Reached skill level 15 in Axes
 14947 | Lair:2   | Found a staircase to the Shoals.
 15097 | Lair:2   | Reached ***** piety under Lugonu
 15143 | Lair:2   | Reached XP level 12. HP: 99/101 MP: 18/18
 15984 | Lair:2   | Found a staircase to the Snake Pit.
 16324 | Lair:2   | Reached skill level 5 in Dodging
 17287 | Lair:2   | Reached skill level 10 in Invocations
 18206 | Lair:3   | Noticed a four-headed hydra
 18228 | Lair:3   | Killed a four-headed hydra
 18298 | Lair:3   | Reached skill level 10 in Fighting
 18368 | Lair:3   | Noticed a seven-headed hydra
 18385 | Lair:3   | Killed a seven-headed hydra
 19176 | Lair:4   | Reached skill level 16 in Axes
 19256 | Lair:4   | Reached XP level 13. HP: 101/113 MP: 17/19
 20008 | Lair:4   | Noticed Nessos
 20019 | Lair:4   | Killed Nessos
 20572 | Lair:5   | Noticed Rupert
 20869 | D:11     | Found a staircase to the Orcish Mines.
 20913 | D:11     | Reached ****** piety under Lugonu
 22253 | D:12     | Noticed Frances
 22282 | D:12     | Killed Frances
 22282 | D:12     | HP: 2/116 [manticore (7)]
 22843 | D:12     | Noticed Nergalle
 22852 | D:12     | Killed Nergalle
 22912 | D:12     | Noticed a fire giant
 23138 | Orc:1    | Entered Level 1 of the Orcish Mines
 23139 | Orc:1    | Corrupted Orc:1
 23139 | Orc:1    | Noticed a revenant
 23139 | Orc:1    | Noticed a tentacled starspawn
 23139 | Orc:1    | Noticed a hellephant
 23139 | Orc:1    | Noticed a starcursed mass
 23140 | Orc:1    | Noticed a tentacled starspawn
 23141 | Orc:1    | Noticed a blizzard demon
 23143 | Orc:1    | Noticed a tentacled starspawn
 23151 | Orc:1    | Noticed a tentacled starspawn
 23166 | Orc:1    | Noticed a Hell Sentinel
 23186 | Orc:1    | HP: 4/116 [tentacled starspawn[Lugonu's corruption] (5)]
 23187 | Orc:1    | Mangled by a tentacled starspawn

Vault maps used:
D:1:      dpeg_arrival_rhombus
D:2:      first_bread, fedhas_altar_3
D:3:      cheibrodos_ashenzari_chains, makhleb_altar_promises_db
D:4:      nicolae_qazlal_eye_of_the_storm, old_standard_altar,
          nicolae_ru_path_of_blood, uniq_edmund, uniq_menkaure
D:5:      minmay_temple_entry_purple_smoke
D:6:      kennysheep_slug_shrine, serial_shops, shop
D:7:      the_bakery, uniq_duvessa
D:8:      zin_treasury
D:9:      minmay_lair_entry_grove, tso_altar, uniq_grum
D:10:     serial_glass, glass_columns_b, glass_columns_b,
          minmay_strange_pillars, minmay_strange_pillars
D:11:     hiddenorc2_lemuel, nicolae_twisting_strands
D:12:     thingy_vault, palyth_stone_intersect, uniq_frances, uniq_psyche,
          uniq_nergalle
Lair:1:   beast_lair_carwin_large_1
Lair:2:   regret_index_combs_of_tragedy, minmay_shoals_entry_centaurs,
          minmay_snake_entry_guardpost_small, ice2_lemuel
Lair:4:   uniq_nessos
Lair:5:   slime_dummy, uniq_rupert
Abyss:1:  hangedman_stitches_earthworm

Skill      XL: |  1  2  3  4  5  6  7  8  9 10 11 12 13 |
---------------+----------------------------------------+-----
Axes           | 3 4 5 6 7 10 12 13 15 16 | 16.7
Invocations    | 2 3 4 5 6 7 8 9 10 11 | 11.3
Shields        | 3 4 |  4.1
Armour         | 4 6 8 9 10 | 10.0
Fighting       | 5 7 10 11 | 11.5
Dodging        | 4 7 9 |  9.1

Action                   |  1- 3 |  4- 6 |  7- 9 | 10-12 | 13-15 || total
-------------------------+-------+-------+-------+-------+-------++-------
Melee: Hand axe          |    55 |   134 |   230 |       |       ||   419
       Headbutt          |     5 |    21 |    69 |   151 |    77 ||   323
       War axe           |       |       |   231 |   219 |       ||   450
       Flail             |       |       |    18 |    21 |       ||    39
       Battleaxe         |       |       |       |   567 |   238 ||   805
       Broad axe         |       |       |       |       |    80 ||    80
Invok: Depart the Abyss  |     1 |       |       |       |       ||     1
       Banish            |       |       |       |     1 |       ||     1
       Corrupt           |       |       |       |       |     1 ||     1
Evoke: Wand              |       |     4 |     1 |     8 |     7 ||    20
  Use: Scroll            |       |    11 |     7 |     8 |     5 ||    31
       Potion            |       |       |     2 |     3 |     9 ||    14
 Stab: Paralysed         |       |       |       |       |     3 ||     3
  Eat: Chunk             |     2 |     7 |    17 |    23 |     5 ||    54
       Royal jelly       |       |       |       |     4 |     1 ||     5
       Bread ration      |       |       |       |     1 |     1 ||     2
Armor: Ring mail         |    28 |    17 |       |       |       ||    45
       Leather armour    |     2 |       |       |       |       ||     2
       Chain mail        |       |     9 |   147 |       |       ||   156
       Plate armour      |       |       |    79 |   461 |   126 ||   666
Dodge: Dodged            |    41 |    61 |   187 |   466 |   171 ||   926
Block: Buckler           |       |    26 |    91 |    32 |     9 ||   158

Table legend:
 A = Spawn XP
 B = Non-spawn XP
 C = Spawn XP percentage of total XP
 D = Spawn monster count
 E = Non-spawn monster count
 F = Spawn count percentage of total count
 G = Total turns spent on level
                    A         B        C        D         E        F      G
               +---------+---------+-------+---------+---------+-------+---------
         Total |       0 |   55977 |   0.0 |       0 |     464 |   0.0 | 23187
               +---------+---------+-------+---------+---------+-------+---------
           D:1 |       0 |      33 |   0.0 |       0 |      19 |   0.0 |  1332
           D:2 |       0 |      71 |   0.0 |       0 |      12 |   0.0 |   480
           D:3 |       0 |      53 |   0.0 |       0 |      19 |   0.0 |   972
           D:4 |       0 |     747 |   0.0 |       0 |      25 |   0.0 |  1265
           D:5 |       0 |     764 |   0.0 |       0 |      29 |   0.0 |  1471
           D:6 |       0 |    1844 |   0.0 |       0 |      27 |   0.0 |  1102
           D:7 |       0 |    1262 |   0.0 |       0 |      27 |   0.0 |  1670
           D:8 |       0 |    2549 |   0.0 |       0 |      28 |   0.0 |  1389
           D:9 |       0 |    4478 |   0.0 |       0 |      37 |   0.0 |  2239
          D:10 |       0 |    2300 |   0.0 |       0 |      11 |   0.0 |  1184
          D:11 |       0 |    3001 |   0.0 |       0 |      45 |   0.0 |  1116
          D:12 |       0 |    8361 |   0.0 |       0 |      34 |   0.0 |  1342
        Lair:1 |       0 |    4916 |   0.0 |       0 |      26 |   0.0 |  2038
        Lair:2 |       0 |    9902 |   0.0 |       0 |      67 |   0.0 |  2538
        Lair:3 |       0 |    7331 |   0.0 |       0 |      29 |   0.0 |  1397
        Lair:4 |       0 |    8330 |   0.0 |       0 |      28 |   0.0 |  1553
         Orc:1 |       0 |      35 |   0.0 |       0 |       1 |   0.0 |    49
               +---------+---------+-------+---------+---------+-------+---------
